 Dungeon Crawl Stone Soup version 0.28.0-45-g0d030f2227 (webtiles) character file.

Game seed: 12818489581287319278

91 MisterFreud the Changer (level 4, -4/35 HPs)
             Began as a Draconian Transmuter on Mar 31, 2022.
             Killed by nerve-wracking pain
             ... invoked by an orc priest
              (11 damage)
             ... on level 2 of the Dungeon.
             The game lasted 00:03:59 (2163 turns).

MisterFreud the Changer (Draconian Transmuter)      Turns: 2163, Time: 00:04:00

Health: -4/35      AC:  2    Str: 11 (12) XL:     4   Next: 33%
Magic:  4/7        EV: 19    Int: 16 (19) God:
Gold:   58         SH:  5    Dex: 18 (19) Spells: 3/7 levels left

rFire   . . .      SeeInvis .     - Unarmed
rCold   . . .      Faith    .   (shield currently unavailable)
rNeg    . . .      Spirit   .   (armour unavailable)
rPois   .          Reflect  +   (helmet currently unavailable)
rElec   .          Harm     .   (cloak currently unavailable)
rCorr   .          Rampage  .   (gloves currently unavailable)
Will    .....                   (boots currently unavailable)
Stlth   ++........              e - amulet of reflection
HPRegen 0.11/turn               a - ring of poison resistance
MPRegen 0.10/turn               h - +6 ring of intelligence

@: spider-form
A: venomous fangs, AC +5, tiny, unfitting armour, (cold-blooded), mutation
resistance 1
a: End Transformation


You were on level 2 of the Dungeon.
You were a venomous arachnid creature.
You visited 1 branch of the dungeon, and saw 4 of its levels.

You collected 58 gold pieces.

Inventory:

Armour
 n - a scarf of repulsion (melded)
Jewellery
 a - a ring of poison resistance (left front leg)
 e - an amulet of reflection (around neck)
 g - a ring of protection from fire
 h - a +6 ring of intelligence (right front leg)
 i - a +6 ring of intelligence
Scrolls
 d - a scroll of teleportation {unknown}
 f - a scroll of vulnerability {unknown}
 o - a scroll of fog {unknown}
Potions
 b - 2 potions of mutation
 j - a potion of lignification {unknown}
 k - a potion of curing {unknown}
 l - a potion of brilliance {unknown}
 m - a potion of invisibility {unknown}


   Skills:
 - Level 1.1 Fighting
 - Level 1.7 Dodging
 + Level 3.1 Unarmed Combat
 - Level 2.0 Spellcasting
 - Level 4.0 Transmutations
 - Level 2.0 Poison Magic


You had 3 spell levels left.
You knew the following spells:

 Your Spells              Type           Power      Damage    Failure   Level
a - Beastly Appendage     Tmut           28%        N/A       13%         1
b - Spider Form           Tmut/Pois      11%        N/A       38%         3

Your spell library contained the following spells:

 Spells                   Type           Power      Damage    Failure   Level
 Wereblood                Tmut           14%        N/A       17%         2
 Tukima's Dance           Hex            1%         N/A       73%         3
 Ice Form                 Ice/Tmut       8%         N/A       83%         4
 Anguish                  Hex/Necr       0%         N/A       97%         4
 Enfeeble                 Hex            0%         N/A       100%        7


Dungeon Overview and Level Annotations

Branches:
Dungeon (4/15)
 Temple: D:4-7

Altars:
Kikubaaqudgha


Innate Abilities, Weirdness & Mutations

You are a venomous arachnid creature.
You have poisonous fangs.
You are tiny and dextrous.
Your spellcasting is less reliable in this form.
Your armour is entirely melded.
You are incapable of wielding weapons or throwing items.
((Your plain brown scales are hard. (AC +5)))
You cannot fit into any form of body armour.
((You are cold-blooded and may be slowed by cold attacks.))
You are somewhat resistant to further mutation.


Message History

There is a stone staircase leading up here.
The orc priest calls down the wrath of Beogh upon you.
Beogh smites you! The endoplasm closely misses you.
The orc priest closely misses you. The orc closely misses you.
You climb upwards.
There is a stone staircase leading down here.
Casting: Spider Form (quite dangerous; 14% risk of failure)
Confirm with . or Enter, or press ? or * to list all spells.
The spell is quite dangerous to miscast (14% risk of failure)!
Continue anyway?
Okay, then.
Casting: Spider Form (quite dangerous; 14% risk of failure)
Confirm with . or Enter, or press ? or * to list all spells.
The spell is quite dangerous to miscast (14% risk of failure)!
Continue anyway?
You turn into a venomous arachnid creature.
Your scarf of repulsion melds into your body.
The haze of the repulsion field disappears.
The orc priest hits you with a +0 flail!
You block the endoplasm's attack. The orc priest completely misses you.
The orc hits you with a +2 flail of protection.
* * * LOW HITPOINT WARNING * * *
Unknown command.
Unknown command.
You hit the orc priest.
The orc priest is poisoned.
The orc priest is lightly wounded.
The orc priest barely misses you. The endoplasm misses you.
You block the orc priest's attack.
It was a potion of mutation.
You feel extremely strange.
You feel genetically stable. The orc completely misses you.
The orc priest closely misses you. The endoplasm freezes you.
You are frozen.
* * * LOW HITPOINT WARNING * * *
The orc priest miscasts a cantrip.
It was a potion of degeneration.
There was something very wrong with that liquid.
You feel weakened.
You feel dopey.
You feel clumsy. The orc misses you.
The orc priest mumbles some strange prayers to Beogh against you.
Pain shoots through your body!
You die...

#.......# #..
#....^..##########
#.................
#.......##.....###
#.......##.....#
##.########.....#
#.....#####.....###
#.oo..##..........#
#.s................
#.oJ..##.##.....#.#
#.....##.##.....#.#
#.....##.##.....#.#
#.....##.##.....#.#
##.###.........##.#
#.# #.........##.#
#.# #.........##.#
#.# #.........##.#


You could see 2 orc priests, an orc and an endoplasm.

Vanquished Creatures
  Robin (D:3)
  An adder (D:3)
  A worm (D:2)
  A dart slug (D:3)
  7 endoplasms
  2 giant cockroaches
  14 goblins
  8 hobgoblins
  3 quokkas (D:1)
  2 ball pythons
  6 bats
  7 frilled lizards
  2 kobolds (D:1)
  9 rats
64 creatures vanquished.

Vanquished Creatures (others)
  A kobold (D:3)
  3 fungi (D:1)
  3 plants (D:1)
7 creatures vanquished.

Grand Total: 71 creatures vanquished

Notes
Turn   | Place    | Note
-------+----------+-------------------------------------------
     0 | D:1      | MisterFreud the Draconian Transmuter began the quest for
                  | the Orb.
     0 | D:1      | Reached XP level 1. HP: 16/16 MP: 3/3
   151 | D:1      | Reached XP level 2. HP: 23/23 MP: 3/5
   258 | D:1      | Reached skill level 3 in Transmutations
   351 | D:1      | Found a faded altar of an unknown god.
   672 | D:1      | Reached XP level 3. HP: 28/28 MP: 4/6
  1064 | D:2      | You fall into a shaft and drop 2 floors!
  1090 | D:4      | Learned a level 3 spell: Spider Form
  1210 | D:3      | Found an ancient bone altar of Kikubaaqudgha.
  1224 | D:3      | Noticed Robin
  1240 | D:3      | Reached skill level 1 in Poison Magic
  1247 | D:3      | Reached skill level 4 in Transmutations
  1269 | D:3      | Reached XP level 4. HP: 10/35 MP: 3/7
  1282 | D:3      | Killed Robin
  1637 | D:2      | Found an ancient bone altar of Kikubaaqudgha.
  2162 | D:2      | Gained mutation: You are somewhat resistant to further
                  | mutation. [potion of mutation]
  2163 | D:2      | Killed from afar by an orc priest

Illustrated notes

Levels and vault maps discovered:
D:1:      heliophobic_arrival_glass_houses, layout_basic,
          dreamdust_ecumenical_altar_grove, minivault_11,
          nicolae_figureground_pulse
D:2:      layout_basic, basic_altar
D:3:      layout_basic, nicolae_kikubaaqudgha_miasma_corner,
          gammafunk_ghost_stat_death, uniq_robin
D:4:      layout_loops_ring, nicolae_overflow_crystal_walls,
          mainiacjoe_overflow_brackets, gammafunk_ghost_necromancy,
          minmay_rat_hole

Skill      XL: |  1  2  3  4 |
---------------+-------------+-----
Transmutations | 3 4 |  4.0
Poison Magic   | 1 2 |  2.0
Fighting       | |  1.1
Dodging        | |  1.7
Unarmed Combat | |  3.1
Spellcasting   | |  2.0

Action                   |  1- 3 |  4- 6 || total
-------------------------+-------+-------++-------
Melee: Unarmed           |   126 |    30 ||   156
       Tailslap          |    11 |     6 ||    17
       Kick              |     7 |       ||     7
       Headbutt          |     4 |       ||     4
       Punch             |     2 |       ||     2
 Cast: Beastly Appendage |    16 |       ||    16
       Spider Form       |     2 |     2 ||     4
  Use: Potion            |       |     2 ||     2
 Stab: Sleeping          |     3 |       ||     3
Armor: Skin              |    23 |     9 ||    32
Dodge: Dodged            |    68 |    22 ||    90
Block: Other             |     8 |     7 ||    15
